 Dungeon Crawl Stone Soup version 0.28-a0-983-g1de4e0787c (webtiles) character file.

Game seed: 14991614409752979845

67 Htamos the Grave Robber (level 3, 0/27 HPs)
             Began as a Mummy Necromancer on Dec 3, 2021.
             Slain by a bullfrog skeleton (6 damage)
             ... on level 2 of the Dungeon.
             The game lasted 00:04:22 (1662 turns).

Htamos the Grave Robber (Mummy Necromancer)         Turns: 1662, Time: 00:04:23

Health: 0/27       AC:  2    Str: 11    XL:     3   Next: 98%
Magic:  8/8        EV: 12    Int: 16    God:
Gold:   43         SH:  0    Dex: 12    Spells: 8/9 levels left

rFire   x . .      SeeInvis +   d - +1 triple sword (freeze)
rCold   + . .      Faith    .   (shield currently unavailable)
rNeg    + + +      Spirit   .   a - +0 robe
rPois   ∞          Reflect  .   (no helmet)
rElec   .          Harm     .   (no cloak)
rCorr   .          Rampage  .   (no gloves)
Will    .....                   (no boots)
Stlth   ++........              (no amulet)
HPRegen 0.09/turn               h - ring of see invisible
MPRegen 0.11/turn               (no ring)

@: no status effects
A: cold resistance 1, negative energy resistance 3, torment resistance 2, heat
vulnerability 1, no potions
a: no special abilities


You were on level 2 of the Dungeon.
You visited 1 branch of the dungeon, and saw 2 of its levels.

You collected 43 gold pieces.

Inventory:

Hand Weapons
 d - a +1 triple sword of freezing (weapon)
Armour
 a - a +0 robe (worn)
 b - a +0 buckler
 f - a +0 chain mail
Jewellery
 h - a ring of see invisible (left hand)
Scrolls
 e - a scroll of enchant weapon
 g - a scroll of immolation {unknown}


   Skills:
 * Level 1.6 Fighting
 + Level 0.4 Long Blades
 + Level 1.9 Dodging
 - Level 1.5 Stealth
 + Level 0.8 Shields
 * Level 3.6 Spellcasting
 + Level 4.2 Necromancy


You had 8 spell levels left.
You knew the following spells:

 Your Spells              Type           Power      Damage    Failure   Level
a - Pain                  Necr           64%        1d7       3%          1

Your spell library contained the following spells:

 Spells                   Type           Power      Damage    Failure   Level
 Animate Skeleton         Necr           32%        N/A       3%          1
 Vampiric Draining        Necr           16%        2d7       10%         3
 Animate Dead             Necr           8%         N/A       30%         4
 Agony                    Necr           16%        N/A       65%         5


Dungeon Overview and Level Annotations

Branches:
Dungeon (2/15)

Altars:


Innate Abilities, Weirdness & Mutations

You are immune to poison.
Your flesh is cold resistant. (rC+)
You are immune to negative energy. (rN+++)
You are immune to unholy pain and torment.
You are vulnerable to heat. (rF-)
You do not drink.


Message History

Unknown command.
You hit the bullfrog skeleton but do no damage.
The bullfrog skeleton barely misses you.
You hit the bullfrog skeleton.
The bullfrog skeleton is lightly damaged.
The bullfrog skeleton hits you.
You completely miss the bullfrog skeleton.
The bullfrog skeleton is lightly damaged.
The bullfrog skeleton barely misses you.
The bullfrog skeleton hits you.
You hit the bullfrog skeleton but do no damage.
The bullfrog skeleton is lightly damaged.
The bullfrog skeleton closely misses you.
You aren't carrying any items that you can evoke.
As you read the scroll labelled JESAGO UBAAT, it crumbles to dust.
It is a scroll of identify.
e - a scroll of enchant weapon The bullfrog skeleton hits you but does no damage.
The bullfrog skeleton closely misses you.
The bullfrog skeleton hits you but does no damage.
Keep disrobing?
You start removing your armour.
You continue taking off your +0 buckler.
The bullfrog skeleton closely misses you.
You continue taking off your +0 buckler.
The bullfrog skeleton hits you.
You continue taking off your +0 buckler.
The bullfrog skeleton hits you. x2
* * * LOW HITPOINT WARNING * * *
You continue taking off your +0 buckler.
The bullfrog skeleton hits you.
* * * LOW HITPOINT WARNING * * *
You finish taking off your +0 buckler.
Your +1 triple sword of freezing glows with a cold blue light!
d - a +1 triple sword of freezing (weapon)
The bullfrog skeleton completely misses you.
You hit the bullfrog skeleton.
The bullfrog skeleton is lightly damaged.
The bullfrog skeleton hits you.
You die...

#)# #.# #.... #.#
#.####.... #.#
#......... #.#
#######.### #.#
$#.....#.### #.#
..+.......... #.#
...#.......###
#.#####....#.....#####
#....@Z....#.........#
#######....#.÷........
####......##..
#......##..
#.........†
########.#. ##'#+
#.... #....


You could see a bullfrog skeleton.

Vanquished Creatures
  3 adders (D:2)
  A dart slug (D:2)
  2 ball pythons
  2 endoplasms
  2 giant cockroaches (D:1)
  3 goblins
  5 hobgoblins
  3 jackals (D:1)
  3 kobolds
  A quokka (D:2)
  3 bats
  5 frilled lizards
  A rat (D:2)
34 creatures vanquished.

Notes
Turn   | Place    | Note
-------+----------+-------------------------------------------
     0 | D:1      | Htamos the Mummy Necromancer began the quest for the Orb.
     0 | D:1      | Reached XP level 1. HP: 13/13 MP: 4/4
   399 | D:1      | Reached XP level 2. HP: 20/20 MP: 3/5
   686 | D:1      | Reached skill level 1 in Fighting
   704 | D:1      | Found a faded altar of an unknown god.
  1015 | D:2      | Reached XP level 3. HP: 26/26 MP: 1/7
  1662 | D:2      | Slain by a bullfrog skeleton

Illustrated notes

Levels and vault maps discovered:
D:1:      lemuel_arrival_river_bridge, layout_rooms,
          shapermc_ecumenical_altar_flowoftime
D:2:      layout_basic, item_on_display_a

Skill      XL: |  1  2 |
---------------+-------+-----
Spellcasting   | 3 |  3.6
Fighting       | 1 |  1.6
Long Blades    | |  0.4
Dodging        | |  1.9
Stealth        | |  1.5
Shields        | |  0.8
Necromancy     | |  4.2

Action                   || total
-------------------------++-------
Melee: Unarmed           ||    16
       Triple sword      ||     1
 Cast: Pain              ||    64
  Use: Scroll            ||     1
Armor: Robe              ||     5
Dodge: Dodged            ||    16

Table legend: (Time is in decaauts)
 A = Elapsed time spent in this place.
 B = Non-inter-level travel time spent in this place.
 C = Inter-level travel time spent in this place.
 D = Time resting spent in this place.
 E = Time spent auto-exploring this place.
 F = Levels seen in this place.
 G = Mean time per level.
                   A        B        C        D        E       F      G
               +--------+--------+--------+--------+--------+-----+--------+
         Total |   1661 |   1638 |     23 |    117 |   1309 |   2 |  830.5 |
       Dungeon |   1661 |   1638 |     23 |    117 |   1309 |   2 |  830.5 |
               +--------+--------+--------+--------+--------+-----+--------+

Top non-repeatable levels by time:
     D:1: 947 daAuts
     D:2: 714 daAuts
